[Event "Robin Girard mem."]
[Site "Quebec CAN"]
[Date "2005.09.02"]
[Round "1"]
[White "Blais, Georges"]
[Black "Auger, Bertrand"]
[Result "1/2-1/2"]
[ECO "D05"]
[WhiteElo "1519"]
[BlackElo "1980"]
[PlyCount "97"]
[GameId "2160767739706450"]
[EventDate "2005.09.02"]
[EventType "swiss"]
[EventRounds "5"]
[EventCountry "CAN"]
[TimeControl "30/90:0"]

1. d4 e6 2. e3 Nf6 3. Nf3 b6 4. Bd3 Bb7 5. Nbd2 d5 6. c3 Be7 7. Qe2 O-O 8. O-O Ne4 9. Bc2 c5 10. Ne5 f6 11. Nd3 Nd7 12. Nf4 Ng5 13. e4 Bd6 14. Qg4 Bxf4 15. Qxf4 e5 16. dxe5 fxe5 17. Qe3 d4 18. Qg3 Kh8 19. f3 Ba6 20. Rd1 Ne6 21. Nf1 c4 22. cxd4 exd4 23. Qd6 Ndc5 24. Qe5 Qf6 25. Qxf6 gxf6 26. Ng3 d3 27. Bb1 Nd4 28. Bd2 Rfd8 29. Bc3 Nce6 30. Kf2 Kg7 31. Ke3 Kf7 32. a4 Nb3 33. Ra3 Ned4 34. Bxd4 Nxd4 35. Rc3 Rac8 36. Ba2 Nc2+ 37. Kd2 Nb4 38. Bb1 Rc5 39. Nf5 Bc8 40. Ne3 Be6 41. g4 Rd7 42. Ng2 Kg7 43. Nf4 Bf7 44. Ke3 a6 45. Rd2 b5 46. Nxd3 Nxd3 47. Bxd3 b4 48. Rc1 Rb7 49. Be2 1/2-1/2

[Event "St-Hyacinthe op"]
[Site "St-Hyacinthe CAN"]
[Date "2005.11.20"]
[Round "4"]
[White "Blais, Georges"]
[Black "Xavier-Bonifay, Jean-Luc"]
[Result "1-0"]
[ECO "B01"]
[WhiteElo "1528"]
[BlackElo "1624"]
[PlyCount "49"]
[GameId "2160767739837764"]
[EventDate "2005.11.18"]
[EventType "swiss"]
[EventRounds "5"]
[EventCountry "CAN"]
[TimeControl "40/2:0"]

1. Nf3 d5 2. e4 dxe4 3. Ng5 Nf6 4. Nc3 Bf5 5. Bc4 e6 6. f3 exf3 7. Qxf3 c6 8. Nxf7 Kxf7 9. Qxf5 Qe8 10. Ne4 h6 11. O-O Nbd7 12. Nxf6 Nxf6 13. Re1 g6 14. Qf2 Be7 15. d3 Kg7 16. Rxe6 Rf8 17. Bxh6+ Kxh6 18. Qe3+ g5 19. Rxe7 Qh5 20. Rf1 Kg6 21. Re6 Kg7 22. Re7+ Kg6 23. Qe6 Qh4 24. Rf7 Qd4+ 25. Kh1 1-0